 Dungeon Crawl Stone Soup version 0.26-a0-690-gcb57259 (webtiles) character file.

Game seed: 16749184850591309467

2575 Mopster the Cleaver (level 9, -1/81 HPs)
             Began as a Minotaur Berserker on Oct 24, 2020.
             Was an Elder of Trog.
             Slain by RexxRaptorr's ghost (8 damage)
             ... on level 8 of the Dungeon.
             The game lasted 00:24:58 (6408 turns).

Mopster the Cleaver (Minotaur Berserker)            Turns: 6408, Time: 00:24:59

Health: -1/81      AC: 16    Str: 22    XL:     9   Next: 32%
Magic:  0/8        EV:  9    Int:  4    God:    Trog [****..]
Gold:   336        SH: 14    Dex: 13    Spells: 8/8 levels left

rFire    . . .     SeeInvis .   l - +0 war axe
rCold    + . .     Faith    .   F - +0 tower shield
rNeg     + . .     Spirit   +   C - +1 chain mail {rC+}
rPois    .         Reflect  .   b - +2 hat
rElec    .         Harm     .   (no cloak)
rCorr    .         Rampage  .   f - +0 pair of gloves
MR       .....                  J - +0 pair of boots
Stlth    ..........             E - amulet of guardian spirit
HPRegen  0.23/turn              y - ring of positive energy
MPRegen  0.11/turn              s - +4 ring of evasion

@: berserk cooldown, slowed, very slow
A: retaliatory headbutt, horns 2
a: Berserk, Trog's Hand, Brothers in Arms, Renounce Religion


You were on level 8 of the Dungeon.
You worshipped Trog.
Trog was greatly pleased with you.
You visited 1 branch of the dungeon, and saw 8 of its levels.

You collected 583 gold pieces.
You spent 247 gold pieces at shops.

Inventory:

Hand Weapons
 l - a +0 war axe (weapon)
 z - a +4 dire flail
 D - a +0 war axe
 G - the +1 trident "Huipuosim" {freeze, rN+ Int+4 Stlth+}
   (You found it on level 7 of the Dungeon)

   It has been specially enchanted to freeze those struck by it, causing extra
   injury to most foes and up to half again as much damage against particularly
   susceptible opponents.
   It can also slow down cold-blooded creatures.
   It affects your intelligence (+4).
   It protects you from negative energy.
   It makes you more stealthy.
Armour
 b - a +2 hat (worn)
 f - a +0 pair of gloves (worn)
 C - a +1 chain mail of cold resistance (worn)
 F - a +0 tower shield (worn)
 J - a +0 pair of boots (worn)
Jewellery
 h - an uncursed ring of ice
 k - an uncursed ring of magical power
 s - a +4 ring of evasion (right hand)
 y - a ring of positive energy (left hand)
 E - an amulet of guardian spirit (around neck)
Wands
 n - a wand of iceblast (8)
 A - a wand of disintegration (11)
Scrolls
 a - a scroll of blinking
 g - 3 scrolls of teleportation
 i - a scroll of fear {unknown}
 o - 3 scrolls of magic mapping
 p - 6 scrolls of remove curse
 q - a scroll of immolation {unknown}
 r - a scroll of enchant armour {unknown}
 u - 2 scrolls of enchant weapon
 x - a scroll of vulnerability {unknown}
 I - 3 scrolls of fog {unknown}
Potions
 c - 4 potions of lignification {unknown}
 d - 11 potions of curing
 e - 4 potions of flight
 j - 4 potions of brilliance
 m - a potion of magic {unknown}
 t - a potion of haste {unknown}
 v - 3 potions of berserk rage
 w - 2 potions of stabbing
 B - a potion of might {unknown}
 H - 2 potions of heal wounds {unknown}


   Skills:
 * Level 8.2 Fighting
 + Level 10.2 Axes
 - Level 1.5(6.6) Polearms
 * Level 7.7 Armour
 + Level 4.0 Dodging
 - Level 0.4 Stealth
 * Level 3.1 Shields


You had 8 spell levels left.
You didn't know any spells.
Your spell library contained the following spells:

 Spells                   Type           Power        Failure   Level
 Magic Dart               Conj           #...         100%        1
 Blink                    Tloc           N/A          100%        2
 Call Imp                 Summ           #.......     100%        2
 Slow                     Hex            #.......     100%        2
 Conjure Flame            Conj/Fire      #.......     100%        3
 Mephitic Cloud           Conj/Pois/Air  #.......     100%        3


Dungeon Overview and Level Annotations

Branches:
Dungeon (8/15)             Temple (0/1) D:4
   Lair: D:8-11

Altars:
Dithmenos
Fedhas
Gozag
Makhleb
Nemelex Xobeh
Qazlal
Sif Muna
Trog
Zin

Shops:
D:5 !

Annotations:
D:8 1 transporter, RexxRaptorr's ghost, novice GnWn


Innate Abilities, Weirdness & Mutations

You reflexively headbutt those who attack you in melee.
You have a pair of horns on your head.


Message History

Things that are here:
a +4 dire flail; an ogre corpse
z - a +4 dire flail You block RexxRaptorr's ghost's attack. x2
You hit RexxRaptorr's ghost but do no damage.
RexxRaptorr's ghost is moderately damaged.
You block RexxRaptorr's ghost's attack.
Your shield prevents you from hitting RexxRaptorr's ghost.
RexxRaptorr's ghost is moderately damaged.
You block RexxRaptorr's ghost's attack. x2
You slash RexxRaptorr's ghost! You headbutt RexxRaptorr's ghost.
RexxRaptorr's ghost is heavily damaged.
You block RexxRaptorr's ghost's attack.
RexxRaptorr's ghost hits you but does no damage.
You are electrocuted!!
* * * LOW HITPOINT WARNING * * *
You fail to use your ability.
RexxRaptorr's ghost hits you but does no damage. x2
You are electrocuted!
You die...

#.......).######
#......©.©.....# #
#.############## ###
#.#....?).....## ..##
#.#..##...##..# ...##
#.#.#..#.#..#.# ....##
####.#?#..#.#..#.# ##...##
##....#.W##...##..#
##...###..####.@)..©....©#
##.......## #############
##.....#.## ##....#..###
##.....#...# #........###
##........# ####
##.........# ###.>##
##..........######.....#


You could see RexxRaptorr's ghost.

Vanquished Creatures
  Menkaure (D:5)
  A sky beast (D:6)
  2 black bears
  A hornet zombie (D:6)
  3 ogres (D:8)
  A phantom (D:7)
  A centaur (D:8)
  2 big kobolds (D:8)
  2 bullfrogs (D:8)
  A scorpion (D:8)
  5 killer bees (D:8)
  An electric eel (D:7)
  3 howler monkeys
  A bullfrog zombie (D:5)
  4 hounds
  A centaur skeleton (D:5)
  A gnoll shaman (D:5)
  A jelly (D:8)
  An orc priest (D:6)
  3 orc wizards
  7 worker ants
  A killer bee zombie (D:7)
  A hound zombie (D:6)
  Robin (D:4)
  18 gnolls
  10 adders
  A shadow imp (D:6)
  2 white imps
  2 adder zombies (D:6)
  An adder skeleton (D:8)
  A worm (D:2)
  A leopard gecko (D:4)
  22 orcs
  A giant cockroach (D:4)
  26 goblins
  9 jackals
  2 quokkas
  9 bats
  4 frilled lizards
  A jackal zombie (D:5)
  15 kobolds
  A leopard gecko zombie (D:5)
  A quokka skeleton (D:8)
  4 rats
177 creatures vanquished.

Vanquished Creatures (others)
  An orc (D:7)
1 creature vanquished.

Grand Total: 178 creatures vanquished

Notes
Turn   | Place    | Note
-------+----------+-------------------------------------------
     0 | D:1      | Mopster the Minotaur Berserker began the quest for the Orb.
     0 | D:1      | Reached XP level 1. HP: 19/19 MP: 0/0
   228 | D:1      | Reached skill level 4 in Axes
   229 | D:1      | Reached XP level 2. HP: 26/27 MP: 1/1
   393 | D:1      | Reached ** piety under Trog
   590 | D:2      | Reached XP level 3. HP: 30/33 MP: 2/2
   981 | D:2      | Reached XP level 4. HP: 41/41 MP: 3/3
  1161 | D:3      | Noticed a black bear
  1173 | D:3      | Killed a black bear
  1173 | D:3      | Reached skill level 5 in Axes
  1173 | D:3      | Reached XP level 5. HP: 39/47 MP: 4/4
  1482 | D:3      | Found a shadowy altar of Dithmenos.
  1705 | D:4      | Reached skill level 5 in Fighting
  1847 | D:4      | Found a staircase to the Ecumenical Temple.
  2017 | D:4      | Found a burning altar of Makhleb.
  2057 | D:4      | Noticed Robin
  2071 | D:4      | Reached *** piety under Trog
  2074 | D:4      | Killed Robin
  2389 | D:4      | Reached skill level 6 in Axes
  2389 | D:4      | Reached XP level 6. HP: 56/56 MP: 5/5
  2706 | D:5      | Entered Level 5 of the Dungeon
  2706 | D:5      | Found Kaeroas's Distillery.
  2713 | D:5      | Bought a potion of curing for 39 gold pieces
  2713 | D:5      | Bought a potion of brilliance for 52 gold pieces
  2713 | D:5      | Bought a potion of berserk rage for 65 gold pieces
  2713 | D:5      | Bought a potion of flight for 39 gold pieces
  2713 | D:5      | Bought a potion of stabbing for 52 gold pieces
  2777 | D:5      | Noticed Menkaure
  2786 | D:5      | Killed Menkaure
  2943 | D:5      | Reached skill level 7 in Axes
  2992 | D:5      | Reached XP level 7. HP: 62/62 MP: 6/6
  3344 | D:5      | Found Sivais's Antique Armour Shoppe.
  3693 | D:6      | Reached skill level 8 in Axes
  3984 | D:6      | Reached skill level 5 in Armour
  4157 | D:6      | Found a shimmering blue altar of Sif Muna.
  4287 | D:6      | Reached XP level 8. HP: 61/71 MP: 7/7
  4337 | D:6      | Reached **** piety under Trog
  4491 | D:7      | Found a stormy altar of Qazlal.
  4556 | D:7      | Reached skill level 9 in Axes
  4811 | D:7      | Found a glowing silver altar of Zin.
  4820 | D:7      | Found a bloodstained altar of Trog.
  4892 | D:7      | Found a sparkling altar of Nemelex Xobeh.
  4965 | D:7      | Got an iridescent trident
  4966 | D:7      | Identified the +1 trident "Huipuosim" {freeze, rN+ Int+4
                  | Stlth+} (You found it on level 7 of the Dungeon)
  5083 | D:7      | Found a blossoming altar of Fedhas.
  5425 | D:8      | Reached skill level 1 in Shields
  5446 | D:8      | Found an opulent altar of Gozag.
  5492 | D:8      | Reached skill level 1 in Polearms
  5496 | D:8      | Reached XP level 9. HP: 76/80 MP: 4/8
  5800 | D:8      | Reached skill level 10 in Axes
  6137 | D:8      | Found a transporter.
  6138 | D:8      | Noticed RexxRaptorr's ghost (novice GnWn)
  6150 | D:8      | Found a transporter.
  6408 | D:8      | Slain by RexxRaptorr's ghost

Illustrated notes

Levels and vault maps discovered:
D:1:      saegor_arrival_under_anarchy, layout_basic
D:2:      layout_rooms, cheibrodos_gnoll_hut
D:3:      layout_rooms, grunt_dithmenos_smoke
D:4:      layout_basic, kennysheep_little_box, minmay_temple_entry_glass,
          grunt_decor_resistance, roderic_lattice_a, uniq_robin
D:5:      layout_basic, serial_shops, kennysheep_mini, shop_fountains,
          kennysheep_cross_bottleneck, uniq_menkaure
D:6:      layout_basic, marbit_many_paths
D:7:      layout_loops_cross, nicolae_qazlal_general_emergency,
          nemelex_xobeh_ov_fountains_minmay,
          chequers_temple_overflow_statue_of_worship, chequers_mini_garden,
          nicolae_water_bricks, fedhas_altar_3
D:8:      layout_layer_cave, lemuel_coloured_pillars_altar,
          gammafunk_ghost_smash

Skill      XL: |  1  2  3  4  5  6  7  8  9 |
---------------+----------------------------+-----
Axes           | 4 5 6 7 8 9 10 | 10.2
Fighting       | 4 5 6 7 8 |  8.2
Armour         | 3 4 5 7 |  7.7
Dodging        | 3 4 |  4.0
Shields        | 2 3 |  3.1
Polearms       | 1 |  1.5
Stealth        | |  0.4

Action                   |  1- 3 |  4- 6 |  7- 9 || total
-------------------------+-------+-------+-------++-------
Melee: Hand axe          |    61 |    31 |       ||    92
       Headbutt          |     8 |    16 |    38 ||    62
       War axe           |       |    71 |   201 ||   272
       Trident           |       |       |    34 ||    34
Invok: Berserk           |     3 |     3 |     9 ||    15
       Trog's Hand       |       |       |     1 ||     1
  Use: Scroll            |     2 |     6 |     1 ||     9
 Stab: Sleeping          |     1 |       |       ||     1
Armor: Animal skin       |    13 |       |       ||    13
       Ring mail         |     2 |    24 |       ||    26
       Chain mail        |       |    21 |   134 ||   155
Dodge: Dodged            |    39 |    68 |   124 ||   231
Block: Tower shield      |       |       |    73 ||    73

Table legend: (Time is in decaauts)
 A = Elapsed time spent in this place.
 B = Non-inter-level travel time spent in this place.
 C = Inter-level travel time spent in this place.
 D = Time resting spent in this place.
 E = Time spent auto-exploring this place.
 F = Levels seen in this place.
 G = Mean time per level.
                   A        B        C        D        E       F      G
               +--------+--------+--------+--------+--------+-----+--------+
         Total |   6560 |   5439 |   1121 |    141 |   4202 |   8 |  820.0 |
       Dungeon |   6560 |   5439 |   1121 |    141 |   4202 |   8 |  820.0 |
               +--------+--------+--------+--------+--------+-----+--------+

Top non-repeatable levels by time:
     D:8: 1085 daAuts
     D:4: 1024 daAuts
     D:5: 969 daAuts
     D:7: 879 daAuts
     D:6: 859 daAuts
     D:2: 605 daAuts
     D:1: 595 daAuts
     D:3: 539 daAuts
